[Event "*** Titled Tuesday Blitz"]
[Site "Chess.com"]
[Date "2019.05.07"]
[Round "10"]
[White "jacky72"]
[Black "Oleg_Papayan"]
[Result "0-1"]
[WhiteElo "2624"]
[BlackElo "2555"]
[TimeControl "180+2"]
[EndTime "15:25:24 PDT"]
[Termination "Oleg_Papayan won by resignation"]

1. d4 Nf6 2. c4 e6 3. Nf3 Bb4+ 4. Bd2 a5 5. e3 O-O 6. Nc3 b6 7. Bd3 Bb7 8. O-O Bxc3 9. Bxc3 Ne4 10. Be1 d6 11.
Nd2 Nxd2 12. Bxd2 Nd7 13. b3 Nf6 14. f3 e5 15. d5 Qe7 16. a3 e4 17. Be2 exf3 18.
gxf3 Bc8 19. Kh1 Bf5 20. Qe1 Bg6 21. Qh4 Nxd5 22. Qxe7 Nxe7 23. Bc3 Rfe8 24. e4 f5 25. exf5 Nxf5 26. Bd3 Re3 27. Rad1 Rae8 28. b4 axb4 29.
axb4 Ng3+ 30. hxg3 Bxd3 31. Rfe1 Be2 32. Rc1 Rxc3 33. Rxc3 Bxf3+ 34. Rxf3 Rxe1+ 35. Kg2 Rb1 36. b5 Rb4 37. Rf4 d5 38. Rd4 dxc4 39. Rd8+ Kf7 40. Rd7+ Kf6 41. Rxc7 Rxb5 42. Rxc4 Rc5 43. Rd4 Rc6 44.
Kf3 Ke6 45. Rg4 Rc7 46. Rh4 h6 47. Rb4 Rb7 48. Ke4 b5 49. Kd4 Kd6 50. Kc3 Kc5 51. Rg4 Rf7 52. Rg6 Rb7 53. g4 Kd5 54. Kb4 Ke4 55.
Re6+ Kf4 56. Rg6 Kg3 57. Kc5 b4 58. Kc6 Rf7 59. Kc5 b3 60. Rb6 Kxg4 61. Rxb3 Rd7 62. Kc6 Rd1 63. Rb2 g5 64. Rg2+ Kf5 65. Rh2 Kg6 66. Rh3 g4 67. Ra3 Kg5 68. Ra8 h5 69.
Rg8+ Kh4 70. Rd8 Rxd8 71. Kc7 Rd1 0-1

[Event "*** Titled Tuesday Blitz"]
[Site "Chess.com"]
[Date "2019.05.07"]
[Round "10"]
[White "bugsbunny444"]
[Black "Blitzstream"]
[Result "1-0"]
[WhiteElo "2569"]
[BlackElo "2572"]
[TimeControl "180+2"]
[EndTime "15:25:28 PDT"]
[Termination "bugsbunny444 won by resignation"]

1. Nf3 Nf6 2. c4 e6 3. g3 b6 4. Bg2 Bb7 5. O-O g5 6. Nxg5 Bxg2 7. Kxg2 Nc6 8. d4 d5 9. Qa4 Qd7 10. Rd1 O-O-O 11. Nxf7 Qxf7 12. Qxc6 Ne4 13. f3 Nd6 14. cxd5 exd5 15. Nc3 Kb8 16. Bf4 h5 17. Nxd5 h4 18. Rac1 hxg3 19. Bxg3 Rh7 20. Nb4 a5 21. Na6+ Ka7 22.
Nxc7 Qf5 23. Nd5 Qh3+ 24. Kg1 Nc8 25. Nf4 Qf5 26. Qe6 Nd6 27. Qxf5 Nxf5 28. Ne6 Re8 29.
Nxf8 Rxf8 30. Rc7+ Rxc7 31. Bxc7 Rg8+ 32. Kf2 Kb7 33. Bg3 Rc8 34. Rd2 Rc1 35. e4 Ng7 36.
d5 Kc8 37. Be5 Ne8 38. Kg3 Kd7 39. h4 Rg1+ 40. Rg2 Rh1 41. Kg4 b5 42. h5 Ke7 43.
Rh2 Rg1+ 44. Kf5 Rg8 45. h6 Rf8+ 46. Kg4 b4 47. h7 a4 48. h8=Q Rf7 49. Rh7 Kd8 50.
Rxf7 a3 51. Bf6+ 1-0

[Event "*** Titled Tuesday Blitz"]
[Site "Chess.com"]
[Date "2019.05.07"]
[Round "10"]
[White "SoltaniciR"]
[Black "2165149677570"]
[Result "1-0"]
[WhiteElo "2506"]
[BlackElo "2332"]
[TimeControl "180+2"]
[EndTime "15:25:36 PDT"]
[Termination "SoltaniciR won by checkmate"]

1. e4 c5 2. Nf3 Nc6 3. Bb5 d6 4.
O-O Bd7 5. Re1 Nf6 6. c3 a6 7. Bf1 Bg4 8. h3 Bxf3 9. Qxf3 e6 10. d3 Be7 11. Be3 d5 12. Nd2 d4 13. Bf4 e5 14.
Bg3 dxc3 15. bxc3 b5 16. Qd1 O-O 17. Nf3 Nd7 18. d4 cxd4 19. cxd4 exd4 20. Nxd4 Nxd4 21. Qxd4 Nc5 22. Rad1 Qxd4 23. Rxd4 Ne6 24. Rd5 Rfc8 25. f4 Rc2 26. Re2 Bc5+ 27. Kh2 Rc4 28. f5 Nd4 29. Rd2 Rc1 30. Rxc5 Rxc5 31. Rxd4 Rc2 32. a4 Rc1 33. Be2 Rc2 34. Bd3 Rd2 35. Bf4 Rd1 36.
axb5 axb5 37. e5 b4 38. e6 fxe6 39. fxe6 b3 40. Bxh7+ Kxh7 41. Rxd1 Re8 42. Re1 b2 43. Rb1 Rxe6 44. Rxb2 Re4 45. Kg3 Re6 46. Kf3 Rf6 47.
h4 Ra6 48. g3 Rc6 49. Rb7 Re6 50. Kg4 Rg6+ 51. Kf5 Rf6+ 52. Ke5 Kg6 53. h5+ Kxh5 54. Rxg7 Rf5+ 55. Ke4 Ra5 56. Rh7+ Kg6 57. Rh6+ Kg7 58. Rd6 Ra4+ 59. Kf5 Ra2 60. g4 Ra5+ 61. Be5+ Kg8 62. g5 Ra2 63. Rd8+ Kf7 64. g6+ Ke7 65. Bf6# 1-0

[Event "*** Titled Tuesday Blitz"]
[Site "Chess.com"]
[Date "2019.05.07"]
[Round "10"]
[White "checkmatequen"]
[Black "FedaMaster"]
[Result "0-1"]
[WhiteElo "2225"]
[BlackElo "2342"]
[TimeControl "180+2"]
[EndTime "15:25:39 PDT"]
[Termination "FedaMaster won by checkmate"]

1. e4 d5 2. exd5 Qxd5 3. Nc3 Qd6 4. d4 Nf6 5. Bd3 a6 6. Nge2 Nc6 7. Bf4 Qd8 8. O-O Bg4 9. f3 Bh5 10. Ne4 Nd5 11. c3 e6 12. Qd2 Be7 13. b4 O-O 14. a4 Bg6 15. b5 Nxf4 16. Nxf4 axb5 17. axb5 Na5 18. Nxg6 hxg6 19. Qc2 b6 20. Rfd1 Qd5 21. Nf2 Rad8 22. Be4 Qxb5 23. Rdb1 Qg5 24. Nh3 Qe3+ 25. Kh1 Bd6 26. Re1 Qh6 27. c4 c5 28. d5 e5 29.
Bd3 f5 30. Reb1 Bc7 31. Be2 g5 32. Bd3 e4 33. fxe4 g4 34. exf5 gxh3 35. g3 Qe3 36. Re1 Qf3+ 37. Kg1 Rde8 38. Be4 Qg4 39. Qd3 Be5 40.
Rab1 Bd4+ 41. Kh1 Re5 42. Rxb6 Rfe8 43. Rg6 Rxe4 44. Rxe4 Qxe4+ 45. Qxe4 Rxe4 46. Re6 Rxe6 47.
fxe6 Nxc4 48. d6 Nxd6 49. g4 Kf8 50. g5 Ke7 51. g6 Be5 52. Kg1 Kxe6 53. Kh1 Ne4 54.
Kg1 Kf5 55. Kh1 Kxg6 56. Kg1 c4 57. Kh1 c3 58. Kg1 c2 59. Kf1 c1=Q+ 60. Ke2 Qd2+ 61. Kf3 Ng5+ 62. Kg4 Qf4# 0-1

[Event "*** Titled Tuesday Blitz"]
[Site "Chess.com"]
[Date "2019.05.07"]
[Round "10"]
[White "platy3"]
[Black "Firouzja2003"]
[Result "1-0"]
[WhiteElo "2811"]
[BlackElo "3047"]
[TimeControl "180+2"]
[EndTime "15:25:44 PDT"]
[Termination "platy3 won by resignation"]

1. e4 e6 2. d4 d5 3. Nd2 Be7 4. Ngf3 Nf6 5. Bd3 c5 6. dxc5 Nbd7 7. b4 a5 8. c3 O-O 9. O-O Qc7 10. Qc2 h6 11.
Nb3 dxe4 12. Bxe4 Nxe4 13. Qxe4 Nf6 14. Qe5 Qxe5 15. Nxe5 Nd5 16. Bd2 Bf6 17. Rfe1 axb4 18. cxb4 Ra4 19. a3 Nc7 20. Ra2 Bxe5 21. Rxe5 f6 22.
Re1 e5 23. Na5 Nb5 24. f4 Be6 25. Raa1 Rd8 26. Bc1 Nd4 27. Bb2 Nc2 28. Rad1 Rb8 29. fxe5 Nxe1 30. Rxe1 f5 31. Rd1 b6 32. Nc6 Rb7 33.
Nd8 Re7 34. cxb6 Ra8 35. Rd6 Bb3 36. Nc6 Ree8 37. b7 Rab8 38. Nxb8 Rxb8 39. Rd7 Be6 40. Rc7 Kh7 41. Bd4 Bd5 42. e6 Rxb7 43. Rd7 Bc6 44. Rxb7 Bxb7 45. b5 Kg6 46. a4 Bc8 47. b6 Ba6 48. g3 Bc8 1-0

[Event "*** Titled Tuesday Blitz"]
[Site "Chess.com"]
[Date "2019.05.07"]
[Round "10"]
[White "AliKa2810"]
[Black "blitzking1729"]
[Result "1-0"]
[WhiteElo "2500"]
[BlackElo "2482"]
[TimeControl "180+2"]
[EndTime "15:25:45 PDT"]
[Termination "AliKa2810 won by checkmate"]

1. e4 e6 2. d4 d5 3. Nd2 Nf6 4. e5 Nfd7 5. c3 c5 6. Bd3 Nc6 7. Ne2 Qb6 8. Nf3 cxd4 9. cxd4 f6 10. exf6 Nxf6 11. O-O Bd6 12. a3 O-O 13. b4 a6 14.
Bf4 Bxf4 15. Nxf4 Kh8 16. Re1 Nxd4 17. Ne5 Kg8 18. Rc1 Nf5 19. Bxf5 exf5 20. Nxd5 Nxd5 21. Qxd5+ Be6 22. Nd7 Bxd5 23. Nxb6 Rad8 24. Nxd5 Rxd5 25. Rc7 Rfd8 26. Rxb7 Re5 27. Kf1 Rxe1+ 28. Kxe1 Rd3 29. a4 Ra3 30. a5 Ra2 31. Rb6 Rb2 32. g3 g5 33. Rb7 Ra2 34. Kf1 g4 35. Kg2 h5 36. Rb6 Rb2 37. Rf6 Rxb4 38. Rxf5 Kg7 39. Rxh5 Kf7 40. h3 gxh3+ 41. Kxh3 Ra4 42. f4 Ke7 43.
Rh7+ Kf8 44. Rh5 Ke7 45. Kg4 Ra3 46. Re5+ Kf6 47. Kh4 Ra4 48. Rc5 Ke7 49. Kg5 Rb4 50.
g4 Kd7 51. Kf5 Rb5 52. Re5 Kd6 53. g5 Rb1 54. Re6+ Kd7 55. Rxa6 Ke7 56. Ra7+ Kf8 57.
Kf6 Ke8 58. g6 Rg1 59. g7 Kd8 60. g8=Q+ Rxg8 61. Ra8+ Kc7 62. Rxg8 Kb7 63. Ke6 Ka7 64.
f5 Kb7 65. f6 Ka6 66. f7 Kxa5 67. f8=Q Ka4 68. Qb8 Ka3 69. Rg7 Ka2 70. Ra7# 1-0

[Event "*** Titled Tuesday Blitz"]
[Site "Chess.com"]
[Date "2019.05.07"]
[Round "10"]
[White "gliglu"]
[Black "M1711"]
[Result "1-0"]
[WhiteElo "2577"]
[BlackElo "2462"]
[TimeControl "180+2"]
[EndTime "15:25:48 PDT"]
[Termination "gliglu won by resignation"]

1. d4 Nf6 2. c4 g6 3. Nf3 Bg7 4. g3 O-O 5. Bg2 d6 6. O-O Nc6 7. Nc3 a6 8. Qc2 Bg4 9. Rd1 Rb8 10. h3 Bxf3 11. Bxf3 Nd7 12. e3 e5 13. d5 Ne7 14.
e4 f5 15. exf5 gxf5 16. Bg2 b5 17. cxb5 axb5 18. Bg5 Nf6 19. Qd2 b4 20. Ne2 Qe8 21. Rac1 Rb7 22. Rc4 Qg6 23. Rdc1 Rc8 24. Bxf6 Bxf6 25.
Rxb4 Bg5 26. f4 Rxb4 27. Qxb4 Bh6 28. Qb7 exf4 29. gxf4 Kh8 30. Rc3 Qg7 31. Qb4 Qf7 32. Re3 Ng6 33. Qd4+ Bg7 34. Qd2 Rg8 35. Re6 Bh6 36.
Kh1 Bg7 37. a4 Nh4 38. Ng3 Nxg2 39. Qxg2 Bd4 40. Qd2 Qg7 41. Qd3 h5 42. h4 Bc5 43.
Kg2 Qh7 44. Qe2 Rg7 45. Re8+ Rg8 46. Rxg8+ Kxg8 47. Qxh5 Qg7 48. Qg5 Bd4 49. Nxf5 Qxg5+ 50. hxg5 Bxb2 51. a5 Ba3 52. a6 Bc5 53. Ne7+ Kf7 54. Nc6 1-0

[Event "*** Titled Tuesday Blitz"]
[Site "Chess.com"]
[Date "2019.05.07"]
[Round "10"]
[White "bluejay1897"]
[Black "HouseOfDurin"]
[Result "1-0"]
[WhiteElo "2257"]
[BlackElo "1975"]
[TimeControl "180+2"]
[EndTime "15:25:48 PDT"]
[Termination "bluejay1897 won by resignation"]

1. Nf3 c5 2. g3 Nc6 3. Bg2 g6 4. c4 Bg7 5. Nc3 e5 6. d3 Nge7 7. h4 h6 8. Bd2 O-O 9. Qc1 Kh7 10. h5 g5 11. Bxg5 hxg5 12. Nxg5+ Kh8 13. h6 Bf6 14.
Nge4 Ng6 15. Nxc5 d6 16. N5e4 Be6 17. Nxf6 Qxf6 18. Ne4 Qe7 19. Bf3 f5 20. Ng5 f4 21.
Nxe6 Qxe6 22. Bd5 Qd7 23. Qc3 fxg3 24. fxg3 Nce7 25. Bf3 Rac8 26. Qb4 d5 27. cxd5 Nxd5 28. Qe4 Nde7 29. Bg4 Qd4 30. Qxd4 exd4 31. Bxc8 Rxc8 32. Kd2 Kh7 33. g4 Nd5 34. g5 Ne3 35. Rac1 Rxc1 36. Rxc1 Nd5 37. Rc4 Ne5 38. Rxd4 Nb6 39. Re4 Nf7 40. Re7 Kg6 41. Rxb7 Nxg5 42. Rxa7 Nd5 43. e4 Nf6 44. Ke3 Ng4+ 45. Kf4 Nxh6 46. Ra6+ Kh5 47. Ra5 Nf7 48. Rxg5+ Nxg5 49. a4 Kg6 50. a5 Kf6 51. a6 Ne6+ 52. Ke3 Nc7 53. a7 Ke6 54. d4 Kd6 55.
e5+ Kc6 56. Ke4 Kb7 57. d5 Kxa7 58. d6 Ne6 59. Kd5 Nf8 60. e6 Kb7 61. e7 Nh7 62.
Ke5 1-0

[Event "*** Titled Tuesday Blitz"]
[Site "Chess.com"]
[Date "2019.05.07"]
[Round "10"]
[White "MFguimaraes"]
[Black "dopolian"]
[Result "1/2-1/2"]
[WhiteElo "2345"]
[BlackElo "2258"]
[TimeControl "180+2"]
[EndTime "15:25:55 PDT"]
[Termination "Game drawn by repetition"]

1. e4 c5 2. Nf3 g6 3. d4 Bg7 4. dxc5 Qa5+ 5. c3 Qxc5 6. Bd3 d6 7. O-O Nf6 8. Na3 O-O 9. Be3 Qa5 10. Nb5 a6 11. b4 Qd8 12. Nbd4 Nc6 13. Nxc6 bxc6 14.
e5 Nd5 15. Bd4 c5 16. Be4 Bb7 17. bxc5 dxc5 18. Bxc5 Qa5 19. Bb4 Qd8 20. Bxd5 Qxd5 21. Bxe7 Rfe8 22. Qxd5 Bxd5 23. Bf6 Bxf6 24. exf6 Bxf3 25.
gxf3 Rac8 26. Rfe1 Kf8 27. Rxe8+ Kxe8 28. Re1+ Kf8 29. Rb1 Ke8 30. Rb6 Rxc3 31. Rxa6 Rxf3 32. Kg2 Rc3 33. a4 Kd7 34. a5 Ra3 35. f3 h5 36. h4 Ra4 37. Kg3 Ra1 38. Kf4 Ra3 39. Ra8 Ke6 40. Kg5 Rxf3 41. Re8+ Kd6 42. Re7 Rf5+ 43.
Kh6 Rxf6 44. Rb7 Rf4 45. a6 Kc6 46. Rb8 Ra4 47. Rf8 Ra3 48. Rxf7 Kd5 49. Kxg6 Rxa6+ 50. Kxh5 Ke6 51. Rf2 Ra8 52. Kg4 Rg8+ 53. Kh3 Rg7 54. h5 Rf7 55. Ra2 Kf6 56. Kg4 Kg7 57. Kg5 Rb7 58.
Ra5 Kh7 59. Rd5 Rc7 60. Re5 Rb7 61. Re4 Rg7+ 62. Kh4 Rb7 63. Rf4 Kh6 64. Rf6+ Kg7 65. Ra6 Rb4+ 66. Kg3 Rb3+ 67. Kf4 Rb4+ 68. Kf3 Rb3+ 69.
Kg4 Rb4+ 70. Kg5 Rb5+ 71. Kh4 Rb4+ 72. Kg3 Rb3+ 73. Kf4 Rb4+ 74. Kf5 Rb5+ 75. Kg4 Rb4+ 76. Kg3 Rb3+ 1/2-1/2

[Event "*** Titled Tuesday Blitz"]
[Site "Chess.com"]
[Date "2019.05.07"]
[Round "10"]
[White "pedroholly22"]
[Black "Jenia84"]
[Result "1/2-1/2"]
[WhiteElo "2293"]
[BlackElo "2267"]
[TimeControl "180+2"]
[EndTime "15:25:55 PDT"]
[Termination "Game drawn by agreement"]

1. e4 e5 2. Nf3 Nc6 3. Bb5 Nf6 4. O-O Nxe4 5. d4 Nd6 6. dxe5 Nxb5 7. a4 Nbd4 8. Nxd4 Nxd4 9. Qxd4 d6 10. Re1 dxe5 11.
Qxe5+ Be6 12. Qb5+ Qd7 13. Qxb7 Rd8 14. Bg5 Be7 15. Bxe7 Qxe7 16. Nc3 O-O 17. Qxa7 Qb4 18. Qxc7 Qxb2 19. Nb5 Rc8 20. Qe5 Qxc2 21. Nd4 Qd2 22.
Nxe6 fxe6 23. Qxe6+ Kh8 24. Qe3 Qb2 25. a5 Rc2 26.
Qb6 Rcxf2 27. Qxb2 Rxb2 28. a6 Rbb8 29. Re3 h5 30. a7 Ra8 31. Rea3 Kh7 32. h3 Kh6 33.
Ra6+ g6 34. Kh2 Rf7 35. Kg3 Rb7 36. Kf4 Re7 37. R1a2 Rf8+ 38. Kg3 Ra8 39. h4 Rf7 40. Kh3 Kh7 41. R2a3 Re7 42. R3a4 Rf7 43. g3 Re7 44. Ra3 Rf7 45. R6a4 Re7 46. g4 hxg4+ 47. Kxg4 Rf7 48. Ra5 Re7 49. R3a4 Rd7 50. Kg5 Rf7 51. Ra3 Re7 52. Ra6 Re5+ 53. Kf6 Rf5+ 54. Ke6 Rff8 55. Rd6 Kh6 56. Ra5 Rfe8+ 57. Kd7 Rf8 58. h5 Rf7+ 59.
Ke6 Rfxa7 60. Rxa7 Rxa7 61. hxg6 1/2-1/2

[Event "*** Titled Tuesday Blitz"]
[Site "Chess.com"]
[Date "2019.05.07"]
[Round "10"]
[White "VeraNebolsina"]
[Black "JonahWillow"]
[Result "1/2-1/2"]
[WhiteElo "2380"]
[BlackElo "2718"]
[TimeControl "180+2"]
[EndTime "15:25:57 PDT"]
[Termination "Game drawn by agreement"]

1. e4 c5 2. Nc3 Nc6 3. Bb5 Nd4 4. Nf3 e6 5. O-O a6 6. Bd3 Nc6 7. b3 d5 8. exd5 exd5 9. Re1+ Be7 10. Ne2 Nf6 11.
Ng3 O-O 12. Nf5 Bxf5 13. Bxf5 Re8 14. c3 g6 15. Bh3 d4 16. c4 Nh5 17. d3 Bf6 18. Bd2 Qc7 19. g3 Ng7 20. a3 a5 21.
Bg2 Rxe1+ 22. Qxe1 Re8 23. Qd1 Nf5 24. Qc2 Re2 25. Re1 Qe7 26. Qd1 Rxe1+ 27. Qxe1 Qxe1+ 28. Nxe1 Bd8 29. Nc2 Kf8 30. Kf1 Ke8 31. Ke2 Kd7 32.
b4 axb4 33. axb4 b6 34. b5 Nce7 35. Ne1 Nd6 36. Nf3 f6 37. h4 Ke6 38. Bh3+ Nef5 39.
Bf4 Bc7 40. Nd2 Ke7 41. Bxf5 gxf5 42. h5 Ke6 43. Bxd6 Bxd6 44. f4 Be7 45. Nf3 Bf8 46. Nh4 Bd6 47. Kf3 Be7 48. g4 fxg4+ 49. Kxg4 Bf8 50.
Nf5 Bd6 51. Nxd6 Kxd6 52. Kf5 Ke7 53. h6 Kf7 54. Ke4 Ke6 55. f5+ Kd6 56. Kf4 1/2-1/2

[Event "*** Titled Tuesday Blitz"]
[Site "Chess.com"]
[Date "2019.05.07"]
[Round "10"]
[White "The_Chess_Coach"]
[Black "quesfr"]
[Result "0-1"]
[WhiteElo "2174"]
[BlackElo "2180"]
[TimeControl "180+2"]
[EndTime "15:25:57 PDT"]
[Termination "quesfr won by checkmate"]

1. d4 d5 2. c4 e6 3. Nc3 Nf6 4. cxd5 exd5 5. Bg5 c6 6. e3 Be7 7. Bd3 Nbd7 8. Qc2 h6 9. Bf4 Nh5 10. Nxd5 cxd5 11. Bc7 Bb4+ 12. Kf1 Qe7 13. a3 Bd6 14. Bxd6 Qxd6 15. f4 Nhf6 16. Nf3 O-O 17. h3 Qe7 18.
Re1 Ne4 19. Rg1 Nb6 20. g4 Bd7 21. Ne5 Rac8 22. Qg2 Bc6 23. g5 h5 24. g6 f6 25.
Bxe4 fxe5 26. Qe2 Qh4 27. Rg5 exf4 28. Bf3 Qxh3+ 29. Bg2 Qxe3 30. Qxh5 Bb5+ 31. Re2 Bxe2+ 32. Qxe2 Qxe2+ 33. Kxe2 Rf6 34. Bh3 Rcc6 35. Kf2 Rxg6 36. Rf5 Rgf6 37. Re5 Kf7 38. Bg2 Rc2+ 39. Kf1 Rxg2 40.
a4 Rxb2 41. a5 Nc4 42. Rxd5 Ra2 43. a6 Raxa6 44. Rd7+ Kg6 45. Rxb7 Rfd6 46. Rb4 Rxd4 47. Ke1 Ra2 48. Rb1 Re4+ 49. Kd1 Ne3+ 50. Ke1 Ng2+ 51. Kf1 Nh4 52. Kg1 Ree2 53. Kf1 Rf2+ 54. Ke1 Nf3+ 55. Kd1 Rfd2+ 56. Kc1 Rac2# 0-1

[Event "*** Titled Tuesday Blitz"]
[Site "Chess.com"]
[Date "2019.05.07"]
[Round "10"]
[White "Siemba"]
[Black "MasterKroket"]
[Result "1-0"]
[WhiteElo "2075"]
[BlackElo "2325"]
[TimeControl "180+2"]
[EndTime "15:25:59 PDT"]
[Termination "Siemba won by resignation"]

1. e4 c5 2. Nf3 e6 3. d4 cxd4 4. Nxd4 Nc6 5. Nc3 Qc7 6. Be3 a6 7. Qd2 Nf6 8. f4 b5 9. e5 b4 10. exf6 bxc3 11. Qxc3 gxf6 12. O-O-O Bb4 13. Qc4 a5 14.
Nxc6 dxc6 15. Qd4 Be7 16. Bc4 c5 17. Bb5+ Kf8 18. Qd3 f5 19. g4 Bb7 20. gxf5 Bxh1 21. Rxh1 Bf6 22. fxe6 fxe6 23. Qe4 Qc8 24. Bxc5+ Qxc5 25. Qxa8+ Kf7 26. Qb7+ Kg6 27. Bd3+ Kh6 28. Re1 Qf2 29.
Qe4 Qb6 30. c3 Qd6 31. Qxe6 Qxf4+ 32. Kc2 Rd8 33. Qh3+ Kg7 34. Qxh7+ Kf8 35. Qe4 Qxh2+ 36. Re2 Qh5 37. Rf2 Kg7 38. Qb7+ Kg8 39. Rxf6 Qh2+ 40. Kb3 Rb8 41. Bc4+ Kh8 42. Rh6+ Qxh6 43. Qxb8+ Kg7 44. Qc7+ Kf8 45. Qxa5 Qe3 46. Qb4+ Kg7 47. a4 Qd2 48. Bd3 Qd1+ 49. Bc2 Qd5+ 50. Qc4 Qb7+ 51. Ka3 Qe7+ 52. b4 Qe1 53. Qd4+ Kf8 54. Kb2 Qf1 55. a5 Qb5 56. Qc5+ 1-0

[Event "*** Titled Tuesday Blitz"]
[Site "Chess.com"]
[Date "2019.05.07"]
[Round "10"]
[White "DenishevM"]
[Black "IMRosen"]
[Result "1-0"]
[WhiteElo "2595"]
[BlackElo "2414"]
[TimeControl "180+2"]
[EndTime "15:26:01 PDT"]
[Termination "DenishevM won by checkmate"]

1. Nf3 Nf6 2. b3 d5 3. Bb2 Bf5 4. e3 e6 5. d4 Nbd7 6. Bd3 Bg6 7. O-O c6 8. c4 Qb8 9. Nc3 Bd6 10. Qc2 O-O 11. e4 e5 12. cxd5 exd4 13. Nxd4 Bxh2+ 14. Kh1 Be5 15. dxc6 Bxd4 16. cxd7 Nxd7 17. Nd5 Bxb2 18.
Qxb2 Nc5 19. Rad1 Kh8 20. Rfe1 f6 21. Re3 Qe5 22. Qd2 Rad8 23. Bb1 Nxe4 24. Qe2 Rxd5 25.
Rxd5 Qxd5 26. Bxe4 Bxe4 27. Rxe4 Qc6 28. Rc4 Qd6 29.
Qc2 Qe6 30. Re4 Qf5 31. Kg1 Qg6 32. Qe2 h6 33. Re7 Rf7 34. Re8+ Kh7 35. Rb8 Qb1+ 36. Kh2 Qf5 37. Qe8 Qf4+ 38. Kg1 Qc1+ 39. Kh2 Qc7+ 40.
g3 b6 41. Rc8 Qd7 42. Qg8+ Kg6 43. Rc4 b5 44. Rf4 a6 45. a3 Qe7 46. b4 Qf8 47. Rg4+ Kf5 48. Qh7+ Kxg4 49. Qe4+ Kg5 50. f4+ Kh5 51.
Qf5+ g5 52. g4+ Kh4 53. Qd3 gxf4 54. Qh3+ Kg5 55. Qh5# 1-0

[Event "*** Titled Tuesday Blitz"]
[Site "Chess.com"]
[Date "2019.05.07"]
[Round "10"]
[White "Jospem"]
[Black "LiamVrolijk"]
[Result "1-0"]
[WhiteElo "2886"]
[BlackElo "2522"]
[TimeControl "180+2"]
[EndTime "15:26:05 PDT"]
[Termination "Jospem won by resignation"]

1. a3 d5 2. h3 g6 3. g3 Bg7 4. Bg2 Nf6 5. d3 O-O 6. Nd2 e5 7. e4 dxe4 8. dxe4 a5 9. Ngf3 Nc6 10. O-O h6 11. a4 b6 12. Re1 Qe7 13. c3 Ba6 14.
Qc2 Rad8 15. Bf1 Bxf1 16. Kxf1 Nd7 17. b3 Qe6 18. Kg2 Rfe8 19. Ba3 Bf8 20. Bxf8 Kxf8 21.
Re3 Kg7 22. Rb1 Qe7 23. Nc4 Nc5 24. h4 h5 25. Qe2 Nb7 26. Nfd2 Qe6 27. Rf3 Rd7 28. Ne3 Ne7 29. Nec4 Red8 30. Re3 Nc5 31. Nf3 f6 32. Ne1 Qc6 33. Nf3 Nc8 34. Ncxe5 fxe5 35. Nxe5 Qe6 36. Nxd7 Rxd7 37. b4 Nb7 38. Rd1 Rf7 39. Qd3 Ncd6 40. Qd5 Qxd5 41. Rxd5 Nc4 42. Re2 Re7 43. f3 Nbd6 44. Rd4 Ne5 45. bxa5 Nc6 46. Rxd6 cxd6 47. axb6 Rb7 48. Rb2 Rb8 49. Rb5 Kf6 50. a5 Ra8 51. b7 Rb8 52. a6 Ke6 53. Kf2 Kd7 54. f4 Kc7 55. Rg5 Re8 56. Kf3 Ne7 57. Rb5 Nc6 58. Rg5 Re6 59. f5 gxf5 60. exf5 Re5 61. Rxh5 Ra5 62. Rh7+ Kb6 63. b8=Q+ Nxb8 64. Rb7+ Kxa6 65. Rxb8 Rxf5+ 66. Kg4 Rc5 67. Rb3 1-0

[Event "*** Titled Tuesday Blitz"]
[Site "Chess.com"]
[Date "2019.05.07"]
[Round "10"]
[White "chessking2151"]
[Black "2nd_life"]
[Result "1-0"]
[WhiteElo "2607"]
[BlackElo "2423"]
[TimeControl "180+2"]
[EndTime "15:26:06 PDT"]
[Termination "chessking2151 won on time"]

1. e4 e5 2. Nf3 Nc6 3. Bb5 a6 4. Ba4 Nf6 5. O-O Be7 6. Re1 b5 7. Bb3 d6 8. c3 O-O 9. h3 Bb7 10.
d4 Re8 11. Nbd2 Bf8 12. a3 h6 13. Bc2 Qd7 14. a4 exd4 15. cxd4 Nb4 16. Bb1 c5 17.
d5 g6 18. Nf1 Bg7 19. Ra3 c4 20. Ng3 bxa4 21. Rxa4 a5 22. Ra3 Qb5 23. Bd2 Nd7 24. Bc3 Ne5 25. Nxe5 Bxe5 26. Qd2 Kg7 27. f4 Bxc3 28.
Qxc3+ Kh7 29. Re3 Nd3 30. Bxd3 cxd3 31. Rb3 Qa6 32. Qxd3 Qxd3 33. Rexd3 Ba6 34. Rdc3 Rab8 35. Kf2 a4 36. Rxb8 Rxb8 37. Rc2 Bd3 38. Rd2 Bc4 39. e5 Rd8 40. Ne4 Kg7 41. Nxd6 Bb3 42. Ke3 g5 43. g3 f6 44. Ke4 Rb8 45. e6 Ba2 46.
Nf5+ Kf8 47. e7+ Kf7 48. Nxh6+ Kxe7 49. fxg5 fxg5 50. d6+ Kd7 51. Ng4 Rb3 52. Ne5+ Kd8 53. d7 Bb1+ 54. Kd4 Rb4+ 55. Kc5 1-0

[Event "*** Titled Tuesday Blitz"]
[Site "Chess.com"]
[Date "2019.05.07"]
[Round "10"]
[White "SaraciNderim"]
[Black "champ2005"]
[Result "0-1"]
[WhiteElo "2758"]
[BlackElo "2903"]
[TimeControl "180+2"]
[EndTime "15:26:25 PDT"]
[Termination "champ2005 won by resignation"]

1. d4 Nf6 2. c4 g6 3. Nf3 Bg7 4. g3 O-O 5. Bg2 c5 6. O-O cxd4 7. Nxd4 Nc6 8. Nc3 Qa5 9. e3 d6 10. Bd2 Qb6 11. Na4 Qc7 12. Rc1 Bd7 13. c5 d5 14.
Nc3 Rad8 15. Qe2 Bg4 16. Bf3 Bc8 17. Bg2 a6 18. Na4 Bg4 19. Bf3 Bxf3 20. Nxf3 Ne4 21. Rfd1 e6 22. Be1 f5 23. Nd4 Rde8 24. b4 g5 25. Nb6 g4 26. Bc3 Ne5 27. Kg2 Ng5 28. h4 gxh3+ 29. Kh1 Ne4 30. Be1 Qf7 31. f3 Nf6 32.
Bf2 Nc6 33. Qf1 Qh5 34. Rc3 e5 35. Kh2 exd4 36. exd4 Re7 37. Qxh3 Re2 38. Qxh5 Nxh5 39. Kg1 Rd8 40. a3 Rxf2 41. Kxf2 Bxd4+ 42. Rxd4 Nxd4 43.
Rd3 Nc6 44. Rxd5 Rxd5 45. Nxd5 Kf7 46. Ke3 Nf6 47. Nc3 Ke6 48. Na4 Nd5+ 49. Ke2 h5 50. Kd3 Ne5+ 51. Ke2 Nc4 52. c6 bxc6 53. Nc5+ Kd6 54.
Nxa6 Nxa3 55. Kd3 f4 56. gxf4 h4 57. Ke2 Nxf4+ 58. Kf2 Nc2 59. Kg1 Nd5 60. Kg2 Ncxb4 0-1

[Event "*** Titled Tuesday Blitz"]
[Site "Chess.com"]
[Date "2019.05.07"]
[Round "10"]
[White "GMsKoRPioN"]
[Black "GremioPrudente"]
[Result "1/2-1/2"]
[WhiteElo "2563"]
[BlackElo "2137"]
[TimeControl "180+2"]
[EndTime "15:26:25 PDT"]
[Termination "Game drawn by agreement"]

1. d4 d5 2. c4 c6 3. Nf3 e6 4. Nc3 dxc4 5. Bg5 Be7 6. Bxe7 Qxe7 7. e3 b5 8. Be2 Nf6 9. O-O O-O 10. b3 cxb3 11.
Qxb3 Nbd7 12. a4 b4 13. Na2 Rb8 14. Rac1 c5 15. Rfd1 Bb7 16. Ne5 Nxe5 17. dxe5 Nd7 18. f4 Rfd8 19. a5 Bd5 20. Bc4 Bxc4 21. Qxc4 Nf8 22. h3 h6 23. Rxd8 Rxd8 24. Qxc5 Qxc5 25. Rxc5 Rd1+ 26. Kh2 b3 27. Nc3 Rc1 28. e4 b2 29.
Rb5 Rxc3 30. Rxb2 Ra3 31. Rb5 a6 32. Rc5 g6 33. Kg1 h5 34. g4 hxg4 35. hxg4 Ra4 36. Kg2 Rxe4 37. Kf3 Ra4 38. g5 Kg7 39. Ke3 Nd7 40. Rc7 Nb8 41. Rc8 Nd7 42. Rc7 Nf8 43. Rc5 Nd7 44. Rc7 Nxe5 45. fxe5 Rxa5 46. Kd4 Rd5+ 47.
Ke4 Rd1 48. Ra7 Ra1 49. Kd4 a5 50. Kc5 a4 51. Kd6 Rd1+ 52. Ke7 Rd5 53. Ke8 Rxe5 54. Rxf7+ Kg8 55. Rf8+ Kg7 56. Rf7+ Kg8 57. Ra7 Rf5 1/2-1/2

[Event "*** Titled Tuesday Blitz"]
[Site "Chess.com"]
[Date "2019.05.07"]
[Round "10"]
[White "Micki-taryan"]
[Black "HansCoolNiemann"]
[Result "0-1"]
[WhiteElo "3001"]
[BlackElo "2528"]
[TimeControl "180+2"]
[EndTime "15:26:51 PDT"]
[Termination "HansCoolNiemann won by checkmate"]

1. d4 f5 2. Nc3 Nf6 3. Bg5 d5 4.
Bxf6 exf6 5. e3 c6 6. Qf3 Be6 7.
Bd3 g6 8. h4 h5 9. Nge2 Bd6 10.
Nf4 Bf7 11. g3 Nd7 12. a3 Qe7 13. Qe2 O-O-O 14. O-O-O Kb8 15. Kb1 Nb6 16. Na2 Nc4 17. c3 Bc7 18. Nc1 Nd6 19. Bc2 Ne4 20. Nfd3 g5 21. Nb3 Bd6 22. Rh2 Rde8 23. Qe1 Rhg8 24. Nd2 f4 25. gxf4 gxf4 26. Nxe4 dxe4 27. Nxf4 Rg4 28.
Qd2 Qc7 29. Rh3 Bxf4 30. exf4 Qxf4 31. Re3 f5 32. Rde1 Reg8 33. Bd1 Rxh4 34. f3 Rh2 35. Qc1 Bd5 36. c4 Be6 37. fxe4 fxe4 38. Ka1 Rf2 39. Qc3 Bf5 40. d5 cxd5 41. cxd5 Rc8 42. Qd4 Qd6 43. Bxh5 Rd8 44. Rd1 Rh2 45. Be2 a6 46. Bc4 Rh5 47. Bb3 Bg6 48. Rg1 Bf7 49. Rd1 Bxd5 50. Ree1 Re5 51. Ba2 Kc7 52. Rc1+ Bc6 53. Qe3 Qd4 54. Qf4 e3 55. Qf7+ Rd7 56. Qg8 e2 57. Bc4 Qd2 58. Qg3 Re7 59. Rb1 Qd6 60. Ba2 Kb8 61. Rbc1 Qc7 62. Qg4 Re4 63. Qh5 Qe5 64. Qh3 Rd4 65.
Qb3 Bb5 66. Qc3 Rd8 67. Qc2 Rc7 68. Qb1 Rxc1 69. Qxc1 Qd4 70. Bb3 Qd2 71. Qb1 Bd3 72. Qc1 Qxc1+ 73. Rxc1 Rf8 74. Ka2 Rf1 75. Rc3 e1=Q 76. Bc2 Bxc2 77. Re3 Qa1# 0-1